 Dungeon Crawl Stone Soup version 0.20.0-8-g6b59dc7 (webtiles) character file.

34 Locuples the Sneak (level 3, -1/33 HPs)
             Began as a Naga Assassin on June 1, 2017.
             Slain by a gnoll
             ... wielding a +0 spear
              (5 damage)
             ... on level 1 of the Dungeon.
             The game lasted 00:04:13 (1009 turns).

Locuples the Sneak (Naga Assassin)                  Turns: 1009, Time: 00:04:14

Health: -1/33      AC:  3    Str: 18    XL:     3   Next: 31%
Magic:  3/3        EV:  9    Int: 11    God:
Gold:   151        SH:  0    Dex: 13    Spells: 2/2 levels left

rFire    . . .     SeeInvis +   m - +0 dagger (freeze)
rCold    . . .     Gourm    .   (no shield)
rNeg     . . .     Faith    .   c - +0 robe
rPois    +         Spirit   .   (no helmet)
rElec    .         Reflect  .   d - +0 cloak
rCorr    .         Harm     .   (no gloves)
MR       .....                  (no barding)
Stlth    +++.......             (no amulet)
Regen    0.2/turn               (no ring)
MPRegen  0.1/turn               (no ring)

@: mighty, very slow
A: see invisible, deformed body, poison resistance, slowness 2, slow metabolism
1, spit poison 1, AC +1
a: Spit Poison


You were on level 1 of the Dungeon.
You were not hungry.

You visited 1 branch of the dungeon, and saw 1 of its levels.

You collected 151 gold pieces.

Inventory:

Hand Weapons
 a - a +2 dagger
 m - a +0 dagger of freezing (weapon)
Missiles
 e - 8 poisoned needles
 f - 2 curare-tipped needles
Armour
 c - a +0 robe (worn)
 d - a +0 cloak (worn)
Scrolls
 b - a scroll of remove curse {unknown}
 i - 2 scrolls of enchant weapon {unknown}
 j - a scroll of magic mapping {unknown}
 l - a scroll of teleportation {unknown}
 n - a scroll of enchant armour {unknown}
 p - 3 scrolls of fog {unknown}
Potions
 o - a potion of curing {unknown}
Comestibles
 g - a bread ration
 k - 2 fruits


   Skills:
 + Level 2.4 Fighting
 + Level 2.1 Short Blades
 - Level 1.7 Throwing
 - Level 0.7 Dodging
 * Level 7.1 Stealth


You had 2 spell levels left.
You didn't know any spells.

Dungeon Overview and Level Annotations

Branches:
Dungeon (1/15)

Altars:
The Shining One


Innate Abilities, Weirdness & Mutations

You cannot wear boots.
Your serpentine skin is tough. (AC +1)
You have supernaturally acute eyesight. (SInv)
Armour fits poorly on your strangely shaped body.
Your system is resistant to poisons. (rPois)
You cover ground very slowly.
You have a slow metabolism.
You can spit poison.


Message History

You impale the rat!! You freeze the rat.
You kill the rat!
You see here a rat corpse.
There is an open door here.
A bat comes into view.
A bat is nearby!
A gnoll comes into view. It is wielding a spear.
The gnoll shouts!
The gnoll hits you with a spear! The gnoll hits you with a spear.
You closely miss the gnoll. The gnoll hits you with a spear!
The gnoll barely misses you.
The gnoll hits you from afar with a spear!
* * * LOW HITPOINT WARNING * * *
The gnoll hits you from afar with a spear.
* * * LOW HITPOINT WARNING * * *
The gnoll closely misses you.
It was a potion of might.
You feel very mighty all of a sudden.
The gnoll hits you from afar with a spear.
You die...

.[........................#
............#..#####......#
............##..## #......#
.............##..###......#
......รท...##..##..........#
.......######.##....##..###
...........##.g..##.###..########
.).......#.####..##.# #..........
.............##.@##.# ##.########
...#########.....##.# ##.........
..##.......##..#.##.###..#.....#.
.##.####'##.##..........###...###
## ##..#..##.##.#...##...#.....#.
# ##.#####.##.#.##...............
# #.#'...##.#.#...#..............
# #.#.#.#.#.#.#.#...##...........
# #.#.#<#.#.#(#.....##...#.....#.


You could see a gnoll.

Vanquished Creatures
  3 dart slugs (D:1)
  5 bats (D:1)
  2 giant cockroaches (D:1)
  3 goblins (D:1)
  A hobgoblin (D:1)
  4 jackals (D:1)
  A frilled lizard (D:1)
  5 kobolds (D:1)
  3 rats (D:1)
  A fungus (D:1)
28 creatures vanquished.

Notes
Turn   | Place    | Note
-------+----------+-------------------------------------------
     0 | D:1      | Locuples the Naga Assassin began the quest for the Orb.
     0 | D:1      | Reached XP level 1. HP: 19/19 MP: 1/1
    68 | D:1      | Reached skill level 6 in Stealth
   143 | D:1      | Reached XP level 2. HP: 15/26 MP: 2/2
   604 | D:1      | Reached XP level 3. HP: 29/32 MP: 3/3
   661 | D:1      | Reached skill level 7 in Stealth
   843 | D:1      | Found a glowing golden altar of the Shining One.
  1009 | D:1      | Slain by a gnoll

Skill      XL: |  1  2  3 |
---------------+----------+-----
Stealth        | 6 7 |  7.1
Fighting       | |  2.4
Short Blades   | |  2.1
Throwing       | |  1.7
Dodging        | |  0.7

Action                   || total
-------------------------++-------
Melee: Dagger            ||   116
  Use: Potion            ||     1
 Stab: Sleeping          ||     4
Armor: Robe              ||    57
Dodge: Dodged            ||    57
